 Dungeon Crawl Stone Soup version 0.26.1-2-gb8aa6d0cf2 (webtiles) character file.

Game seed: 10343761517136814351

15 Goaboa the Skirmisher (level 2, -3/24 HPs)
             Began as a Demonspawn Chaos Knight on Mar 2, 2021.
             Was a Plaything of Xom.
             Slain by an orc
             ... wielding a +0 flail
              (6 damage)
             ... on level 2 of the Dungeon.
             The game lasted 00:02:56 (617 turns).

Goaboa the Skirmisher (Demonspawn Chaos Knight)      Turns: 617, Time: 00:02:56

Health: -3/24      AC:  5    Str: 12    XL:     2   Next: 34%
Magic:  2/2        EV: 10    Int: 13    God:    Xom [*.....]
Gold:   25         SH:  3    Dex: 12    Spells: 1/1 levels left

rFire    + . .     SeeInvis .   a - +0 mace (chaos)
rCold    . . .     Faith    .   m - +0 buckler
rNeg     . . .     Spirit   .   b - +2 leather armour
rPois    .         Reflect  .   (no helmet)
rElec    .         Harm     .   (no cloak)
rCorr    .         Rampage  .   (no gloves)
Will     .....                  (no boots)
Stlth    +.........             (no amulet)
HPRegen  0.08/turn              (no ring)
MPRegen  0.08/turn              (no ring)

@: hasted, very quick
A: fire resistance 1
a: Renounce Religion


You were on level 2 of the Dungeon.
You worshipped Xom.
You were a special plaything of Xom.
You visited 1 branch of the dungeon, and saw 2 of its levels.

You collected 25 gold pieces.

Inventory:

Hand Weapons
 a - a +0 mace of chaos (weapon)
Missiles
 j - 10 poisoned darts (quivered)
Armour
 b - a +2 leather armour (worn)
 m - a +0 buckler (worn)
Scrolls
 c - a scroll of magic mapping {unknown}
 d - a scroll of fog {unknown}
 h - a scroll of identify {unknown}
 k - 4 scrolls of fear {unknown}
 n - a scroll of teleportation {unknown}
Potions
 f - a potion of lignification {unknown}
 g - a potion of invisibility {unknown}
 i - a potion of curing {unknown}
 l - 2 potions of brilliance {unknown}


   Skills:
 + Level 3.2 Fighting
 + Level 2.9 Maces & Flails
 + Level 2.0 Armour
 + Level 1.2 Dodging
 + Level 0.0 Shields


You had one spell level left.
You didn't know any spells.
Your spell library was empty.

Dungeon Overview and Level Annotations

Branches:
Dungeon (2/15)

Altars:
The Shining One


Innate Abilities, Weirdness & Mutations

Your flesh is heat resistant. (rF+)


Message History

You die... "Hey, that's my plaything!"
Xom revives you! The orc priest barely misses you.
The orc priest hits you with a +0 short sword.
* * * LOW HITPOINT WARNING * * *
You hit the orc wizard.
The orc wizard flickers and vanishes!
Deactivating autopickup; reactivate with Ctrl-A.
The orc hits you but does no damage. The orc priest closely misses you.
The orc priest barely misses you. Something hits you but does no damage.
The orc priest barely misses you.
The orc priest calls down the wrath of Beogh upon you.
Pain shoots through your body!
* * * LOW HITPOINT WARNING * * *
It was a potion of haste.
You feel yourself speed up.
Xom is amused.
The orc priest casts a cantrip, but nothing happens.
The orc hits you with a +0 flail.
You die...
Xom is highly amused!

#......(.#.............
.......##.....#........
##.......###.#.#......
###.......#.............
.......?#......###..#...
[##.....##)....##..##...
#.?....# #....##..##..#
#...#.o.## ....#...##..#
... #..@.# .......# ##(.
.. #.o{o..##.... ##. .
#...#o.# ...# #
#........( ###
#..#..#.#.## #.......
.... #....... . ..#
#....... .#


You could see 3 orc priests and an orc.

Vanquished Creatures
  An ooze (D:1)
  3 bats (D:1)
  A giant cockroach (D:1)
  A goblin (D:2)
  2 kobolds
  4 rats
12 creatures vanquished.

Notes
Turn   | Place    | Note
-------+----------+-------------------------------------------
     0 | D:1      | Goaboa the Demonspawn Chaos Knight began the quest for the
                  | Orb.
     0 | D:1      | Reached XP level 1. HP: 18/18 MP: 1/1
   158 | D:1      | XOM: silly message
   182 | D:1      | Reached skill level 1 in Dodging
   226 | D:1      | Gained mutation: Your flesh is heat resistant. (rF+)
                  | [demonic ancestry]
   226 | D:1      | Reached XP level 2. HP: 24/24 MP: 2/2
   301 | D:1      | XOM: silly message
   373 | D:1      | Found a glowing golden altar of the Shining One.
   613 | D:2      | XOM: enchant monster (bad)
   615 | D:2      | Xom revived you
   617 | D:2      | Slain by an orc

Illustrated notes

Levels and vault maps discovered:
D:1:      minmay_arrival_nine_rooms, layout_basic, tso_metal_star
D:2:      minmay_diamond_boxcup, layout_rooms

Skill      XL: |  1 |
---------------+----+-----
Dodging        | 1 |  1.2
Armour         | 2 |  2.0
Fighting       | |  3.2
Maces & Flails | |  2.9

Action                   || total
-------------------------++-------
Melee: Mace              ||    29
  Use: Potion            ||     1
Armor: Leather armour    ||    21
Dodge: Dodged            ||    26
Block: Buckler           ||     4
